 Dungeon Crawl Stone Soup version 0.23.2-1-ga50397a6bc (webtiles) character file.

Game seed: 4676105607437376522

1205 Kobolds4U the Carver (level 8, -9/71 HPs)
             Began as a Minotaur Fighter on Apr 30, 2019.
             Was a Believer of Ru.
             Killed from afar by Dowan (14 damage)
             ... with a shard of ice
             ... on level 5 of the Dungeon.
             The game lasted 00:08:57 (4363 turns).

Kobolds4U the Carver (Minotaur Fighter)             Turns: 4363, Time: 00:08:58

Health: -9/71      AC: 13    Str: 25    XL:     8   Next: 21%
Magic:  7/7        EV:  4    Int:  8    God:    Ru [**....]
Gold:   274        SH: 10    Dex: 12    Spells: 7/7 levels left

rFire    + . .     SeeInvis +   a - +0 long sword
rCold    . . .     Gourm    .   c - +0 shield
rNeg     + . .     Faith    .   w - +0 plate armour
rPois    .         Spirit   .   (helmet restricted)
rElec    .         Reflect  .   (no cloak)
rCorr    .         Harm     .   (no gloves)
MR       .....                  n - +0 pair of boots of Rationality {rF+ Int+2} (curse)
Stlth    ..........             (no amulet)
HPRegen  0.21/turn              s - ring of see invisible
MPRegen  0.10/turn              i - ring of positive energy

@: mighty, lethally poisoned (-9 -> -19)
A: retaliatory headbutt, horns 2, inability to use devices
a: Renounce Religion


You were on level 5 of the Dungeon.
You worshipped Ru.
Ru was pleased with you.
You were hungry.

You visited 2 branches of the dungeon, and saw 7 of its levels.

You collected 274 gold pieces.

Inventory:

Hand Weapons
 a - a +0 long sword (weapon)
Armour
 c - a +0 shield (worn)
 h - a +1 robe of cold resistance
 n - the cursed +0 pair of boots of Rationality (worn) {rF+ Int+2}
   (You found it on level 5 of the Dungeon)

   It affects your intelligence (+2).
   It protects you from fire.
   It has a curse placed upon it.
 r - a cursed +0 scale mail
 w - a +0 plate armour (worn)
Jewellery
 e - an uncursed ring of stealth
 i - a ring of positive energy (right hand)
 s - a ring of see invisible (left hand)
Wands
 q - a wand of polymorph (3)
Scrolls
 j - a scroll of fear {unknown}
 k - 4 scrolls of identify {unknown}
 m - a scroll of enchant weapon {unknown}
 o - 4 scrolls of teleportation {unknown}
 t - a scroll of amnesia {unknown}
 v - 2 scrolls of remove curse {unknown}
 y - a scroll of enchant armour {unknown}
 z - a scroll of fog {unknown}
 B - a scroll of magic mapping {unknown}
Potions
 b - a potion of lignification {unknown}
 g - 3 potions of heal wounds {unknown}
 l - 4 potions of agility
 p - a potion of cancellation {unknown}
 u - 2 potions of magic {unknown}
 x - 2 potions of degeneration {unknown}
Comestibles
 f - 9 rations


   Skills:
 + Level 6.7 Fighting
 * Level 9.9 Long Blades
 + Level 5.0 Armour
 - Level 3.6 Shields


You had 7 spell levels left.
You didn't know any spells.
Your spell library contained the following spells:

 Spells                   Type           Power        Failure   Level  Hunger
 Gell's Gravitas          Tloc           #.........   100%        3    ####...
 Portal Projectile        Hex/Tloc       #.....       100%        3    ####...
 Force Lance              Conj/Tloc      #.......     100%        4    #####..
 Dispersal                Tloc           #.........   100%        6    #######
 Controlled Blink         Tloc           N/A          100%        8    #######
 Disjunction              Tloc           #.........   100%        8    #######


Dungeon Overview and Level Annotations

Branches:
Dungeon (6/15)             Temple (1/1) D:4

Altars:
Dithmenos
Elyvilon
Fedhas
Kikubaaqudgha
Okawaru
Qazlal
Ru
Sif Muna
Wu Jian
Yredelemnul

Annotations:
D:5 Dowan


Innate Abilities, Weirdness & Mutations

You reflexively headbutt those who attack you in melee.
You have a pair of horns on your head.
You cannot study or use magical devices.


Message History

Dowan points at you and mumbles some strange words.
You block the stone arrow.
Okay, then.
* * * LOW HITPOINT WARNING * * *
You feel sick. Dowan gestures at you while chanting. The shard of ice hits you.
* * * LOW HITPOINT WARNING * * *
You feel very mighty all of a sudden.
* * * LOW HITPOINT WARNING * * *
You feel sick.
You slice Dowan!!
Dowan is almost dead.
* * * LOW HITPOINT WARNING * * *
You feel sick. Dowan gestures at you while chanting.
You block the shard of ice.
Dowan points at you and mumbles some strange words.
The shard of ice hits you!
You die...

#...................'.
#....[..........รท...##
##.#.........(......##
#######.###################
#...................# #
#.#####.###########.#######
#.#.# #.# #....# #........
#.#.###.###....############
#.#......e@................
##.#.###.################...
#^.....#.################...
####<#.#>...................
#####.#.################...
#.....#.# #..... #.###.#'###
#....# #.# #.....# #....#
#.# #.....# #....#


You could see Dowan.

Vanquished Creatures
  Sigmund (D:2)
  Duvessa (D:6)
  A sky beast (D:6)
  An ogre (D:4)
  A centaur (D:5)
  2 scorpions
  A crimson imp (D:5)
  2 bullfrog zombies (D:6)
  A jelly (D:5)
  A quasit (D:5)
  2 hounds
  2 orc priests (D:5)
  An iguana (D:4)
  An orc wizard (D:5)
  Ijyb (D:4)
  2 worker ants
  A hound skeleton (D:5)
  A worker ant zombie (D:5)
  5 adders
  3 oozes
  An adder zombie (D:5)
  An adder skeleton (D:4)
  2 worms (D:3)
  3 dart slugs
  5 leopard geckos
  9 orcs
  2 ball pythons
  8 giant cockroaches
  6 goblins
  4 hobgoblins
  3 jackals (D:3)
  3 kobolds
  A quokka (D:5)
  A ball python skeleton (D:4)
  14 bats
  5 frilled lizards
  13 rats
112 creatures vanquished.

Notes
Turn   | Place    | Note
-------+----------+-------------------------------------------
     0 | D:1      | Kobolds4U the Minotaur Fighter began the quest for the Orb.
     0 | D:1      | Reached XP level 1. HP: 19/19 MP: 0/0
    37 | D:1      | Reached skill level 3 in Long Blades
    41 | D:1      | Reached XP level 2. HP: 18/26 MP: 1/1
   217 | D:1      | Reached skill level 4 in Long Blades
   281 | D:1      | Reached XP level 3. HP: 29/31 MP: 2/2
   703 | D:2      | Reached skill level 5 in Long Blades
   786 | D:2      | Reached XP level 4. HP: 34/39 MP: 3/3
   950 | D:2      | Noticed Sigmund
   973 | D:2      | HP: 1/39 [something (9)]
   974 | D:2      | Killed Sigmund
   974 | D:2      | Reached skill level 7 in Long Blades
   974 | D:2      | Reached XP level 5. HP: 1/45 MP: 4/4
  1619 | D:3      | Reached XP level 6. HP: 42/52 MP: 5/5
  1716 | D:3      | Found a blossoming altar of Fedhas.
  2397 | D:4      | Found a staircase to the Ecumenical Temple.
  2414 | Temple   | Entered the Ecumenical Temple
  2533 | Temple   | Became a worshipper of Ru the Awakened
  2632 | D:4      | Reached skill level 5 in Fighting
  2632 | D:4      | Reached skill level 8 in Long Blades
  2795 | D:4      | Noticed Ijyb
  2813 | D:4      | Killed Ijyb
  2896 | D:4      | Reached XP level 7. HP: 61/61 MP: 6/6
  3084 | D:5      | Entered Level 5 of the Dungeon
  3388 | D:5      | Got a pair of heavily runed boots
  3394 | D:5      | Identified the cursed +0 pair of boots of Rationality {rF+
                  | Int+2} (You found it on level 5 of the Dungeon)
  3561 | D:5      | Reached skill level 9 in Long Blades
  3954 | D:5      | Gained mutation: You cannot study or use magical devices.
                  | [Ru sacrifice]
  3954 | D:5      | Reached * piety under Ru
  3954 | D:5      | Reached ** piety under Ru
  4270 | D:6      | Reached XP level 8. HP: 66/71 MP: 7/7
  4310 | D:6      | Noticed Duvessa
  4310 | D:6      | Noticed Dowan
  4354 | D:6      | Killed Duvessa
  4354 | D:6      | Reached skill level 5 in Armour
  4363 | D:5      | Killed from afar by Dowan

Skill      XL: |  1  2  3  4  5  6  7  8 |
---------------+-------------------------+-----
Long Blades    | 3 4 5 7 8 9 |  9.9
Fighting       | 4 5 6 |  6.7
Armour         | 4 5 |  5.0
Shields        | |  3.6

Action                   |  1- 3 |  4- 6 |  7- 9 || total
-------------------------+-------+-------+-------++-------
Melee: Long sword        |    77 |   176 |   158 ||   411
       Headbutt          |    10 |    32 |    33 ||    75
Invok: Sacrifice Artific |       |       |     1 ||     1
  Use: Potion            |       |       |     1 ||     1
  Eat: Chunk             |       |     7 |     4 ||    11
Armor: Scale mail        |    37 |     5 |       ||    42
       Chain mail        |       |    65 |       ||    65
       Plate armour      |       |    10 |   102 ||   112
Dodge: Dodged            |    27 |    23 |    17 ||    67
Block: Shield            |    43 |    65 |    75 ||   183
       Rpst.: Long sword |     5 |     8 |     2 ||    15
